 Dungeon Crawl Stone Soup version 0.24.1-14-gf8d2b509d9 (webtiles) character file.

Game seed: 4271923021048676371, levelgen mode: deterministic

2597 Edgeworth the Cleaver (level 9, -1/78 HPs)
             Began as a Hill Orc Fighter on May 28, 2020.
             Was an Elder of Okawaru.
             Slain by a hippogriff (4 damage)
             ... on level 8 of the Dungeon.
             The game lasted 00:13:03 (5620 turns).

Edgeworth the Cleaver (Hill Orc Fighter)            Turns: 5620, Time: 00:13:03

Health: -1/78      AC: 11    Str: 30    XL:     9   Next: 59%
Magic:  18/18      EV:  8    Int:  8    God:    Okawaru [****..]
Gold:   267        SH: 19    Dex:  8    Spells: 8/8 levels left

rFire    . . .     SeeInvis .   w - +0 hand axe (freeze)
rCold    . . .     Gourm    .   E - +2 large shield
rNeg     . . .     Faith    .   z - +3 leather armour of the Game Afoot {rPois Str+3 Dex-2}
rPois    +         Spirit   .   (no helmet)
rElec    .         Reflect  .   q - +0 cloak (curse)
rCorr    .         Harm     .   (no gloves)
MR       .....                  B - +0 pair of boots
Stlth    +.........             (no amulet)
HPRegen  0.23/turn              t - +2 ring of protection
MPRegen  0.16/turn              D - ring of magical power

@: mighty
A: no striking features
a: Heroism, Renounce Religion


You were on level 8 of the Dungeon.
You worshipped Okawaru.
Okawaru was greatly pleased with you.
You were not hungry.

You visited 1 branch of the dungeon, and saw 8 of its levels.

You collected 267 gold pieces.

Inventory:

Hand Weapons
 a - a +0 war axe
 w - a +0 hand axe of freezing (weapon)
 y - a +2 dire flail of protection
Armour
 q - a cursed +0 cloak (worn)
 z - the +3 leather armour of the Game Afoot (worn) {rPois Str+3 Dex-2}
   (You found it on level 6 of the Dungeon)

   It affects your strength (+3).
   It affects your dexterity (-2).
   It protects you from poison.
 B - a +0 pair of boots (worn)
 E - a +2 large shield (worn)
Jewellery
 t - a +2 ring of protection (left hand)
 D - a ring of magical power (right hand)
Wands
 l - a wand of disintegration (15)
Scrolls
 g - a scroll of enchant armour {unknown}
 h - 4 scrolls of teleportation {unknown}
 i - 4 scrolls of magic mapping {unknown}
 p - a scroll of random uselessness {unknown}
 r - 2 scrolls of remove curse {unknown}
 x - a scroll of blinking {unknown}
 A - 2 scrolls of identify
Potions
 b - 3 potions of mutation
 d - 2 potions of might
 e - a potion of degeneration
 j - 2 potions of brilliance
 m - 3 potions of lignification {unknown}
 n - a potion of agility {unknown}
 o - a potion of magic {unknown}
 s - 5 potions of curing {unknown}
 u - a potion of haste {unknown}
 v - a potion of invisibility {unknown}
 C - a potion of berserk rage {unknown}
Comestibles
 f - 9 rations


   Skills:
 + Level 6.8 Fighting
 + Level 10.7 Axes
 + Level 6.4 Armour
 + Level 2.7 Dodging
 + Level 7.2 Shields
 + Level 0.1 Invocations


You had 8 spell levels left.
You didn't know any spells.
Your spell library was empty.

Dungeon Overview and Level Annotations

Branches:
Dungeon (8/15)             Temple (0/1) D:4            Lair (0/6) D:8

Altars:
Cheibriados
Dithmenos
Gozag
Kikubaaqudgha
Okawaru
Wu Jian
Xom

Annotations:
D:2 Sigmund


Message History

* * * LOW HITPOINT WARNING * * *
The hippogriff bites you but does no damage.
The hippogriff pecks you but does no damage.
The hippogriff claws you but does no damage.
The hippogriff bites you.
The hippogriff pecks you but does no damage.
The hippogriff claws you.
* * * LOW HITPOINT WARNING * * *
The hippogriff bites you but does no damage.
The hippogriff pecks you but does no damage.
The hippogriff claws you but does no damage.
You turn to flesh and can move again.
You feel very mighty all of a sudden. You block the hippogriff's attack.
The hippogriff pecks you but does no damage.
You block the hippogriff's attack.
You slash the hippogriff! You freeze the hippogriff.
The hippogriff is heavily wounded.
The hippogriff bites you.
You die...

.............######...##
. #......<.....# ...#
..#............## .###
...####.......(.## .#
.....##..........### .#
......#.##.###...... ..
.(.......#..........
>........###.#........
..l)...#..H@.#........
......########........
)....# ...## .#


You could see a hippogriff.

Vanquished Creatures
  2 basilisks (D:8)
  A yak (D:8)
  Edmund (D:5)
  An orc warrior (D:4)
  A sky beast (D:5)
  A phantom (D:6)
  2 ogres
  5 bullfrogs
  A gnoll sergeant (D:6)
  A howler monkey (D:6)
  7 wights
  3 crimson imps
  A bullfrog zombie (D:5)
  A quasit (D:5)
  3 hounds
  A gnoll shaman (D:7)
  2 jellies (D:6)
  2 orc priests
  5 orc wizards
  An iguana (D:5)
  4 worker ants
  A worker ant zombie (D:5)
  7 gnolls
  8 adders
  A shadow imp (D:5)
  An ooze (D:2)
  A worm (D:3)
  2 dart slugs
  5 leopard geckos
  9 orcs
  3 giant cockroaches
  11 goblins
  2 hobgoblins (D:3)
  7 jackals
  7 kobolds
  3 quokkas
  5 ball pythons
  6 bats
  5 frilled lizards
  A leopard gecko skeleton (D:5)
  A leopard gecko zombie (D:7)
  6 rats
138 creatures vanquished.

Notes
Turn   | Place    | Note
-------+----------+-------------------------------------------
     0 | D:1      | Edgeworth the Hill Orc Fighter began the quest for the Orb.
     0 | D:1      | Reached XP level 1. HP: 19/19 MP: 1/1
    71 | D:1      | Reached XP level 2. HP: 27/27 MP: 2/2
   510 | D:2      | Reached skill level 3 in Axes
   520 | D:2      | You fall into a shaft and drop 1 floor!
   528 | D:3      | Reached XP level 3. HP: 18/33 MP: 3/3
   685 | D:2      | Reached XP level 4. HP: 21/40 MP: 4/4
   958 | D:2      | Found an iron altar of Okawaru.
   968 | D:2      | Became a worshipper of Warmaster Okawaru
  1015 | D:2      | Found an opulent altar of Gozag.
  1102 | D:2      | Noticed Sigmund
  1159 | D:3      | Noticed a bullfrog
  1166 | D:3      | Killed a bullfrog
  1166 | D:3      | Reached skill level 4 in Axes
  1166 | D:3      | Reached XP level 5. HP: 44/47 MP: 5/5
  1278 | D:3      | Reached * piety under Okawaru
  1278 | D:3      | Reached skill level 5 in Axes
  1353 | D:3      | Found a shadowy altar of Dithmenos.
  1749 | D:4      | Found a staircase to the Ecumenical Temple.
  2046 | D:4      | Noticed an orc warrior
  2052 | D:4      | Reached XP level 6. HP: 55/55 MP: 6/6
  2059 | D:4      | Killed an orc warrior
  2059 | D:4      | Reached skill level 6 in Axes
  2059 | D:4      | Reached skill level 5 in Fighting
  2318 | D:5      | Entered Level 5 of the Dungeon
  2318 | D:5      | Found an ornate altar of the Wu Jian Council.
  2362 | D:5      | Reached XP level 7. HP: 56/61 MP: 7/7
  2442 | D:5      | Reached skill level 7 in Axes
  2490 | D:5      | Reached skill level 5 in Shields
  2537 | D:5      | Noticed Edmund
  2597 | D:5      | Killed Edmund
  2597 | D:5      | Reached ** piety under Okawaru
  2597 | D:5      | Reached skill level 5 in Armour
  2612 | D:5      | Reached XP level 8. HP: 24/69 MP: 8/8
  3057 | D:6      | Reached skill level 8 in Axes
  3093 | D:6      | HP: 2/69 [orc/+2 whip of electrocution (4)]
  3473 | D:6      | Got a smoking leather armour
  3487 | D:6      | Identified the +3 leather armour of the Game Afoot {rPois
                  | Str+3 Dex-2} (You found it on level 6 of the Dungeon)
  3550 | D:6      | Reached *** piety under Okawaru
  3629 | D:6      | Reached skill level 1 in Dodging
  3685 | D:6      | Reached skill level 9 in Axes
  4295 | D:7      | Reached XP level 9. HP: 57/75 MP: 9/9
  4982 | D:7      | Reached skill level 10 in Axes
  5509 | D:8      | Found a snail-covered altar of Cheibriados.
  5510 | D:8      | Found a shimmering altar of Xom.
  5511 | D:8      | Found an ancient bone altar of Kikubaaqudgha.
  5543 | D:8      | Found a staircase to the Lair.
  5561 | D:8      | Reached **** piety under Okawaru
  5615 | D:8      | HP: 3/78 [hippogriff (3)]
  5620 | D:8      | Slain by a hippogriff

Levels and vault maps discovered:
D:1:      dpeg_arrival_central, layout_rooms
D:2:      layout_rooms, old_standard_altar, okawaru_trees_2, first_ration,
          uniq_sigmund
D:3:      layout_rooms, lemuel_coloured_pillars_altar, kennysheep_donut
D:4:      layout_cave_pools, minmay_temple_entry_glass, guppyfry_early_orc_mine
D:5:      layout_basic, overflow_temple_1_default, minmay_misc_feat_five,
          uniq_edmund
D:6:      layout_rooms
D:7:      layout_layer_cave
D:8:      layout_rooms, gammafunk_temple_overflow_forgotten, david_lair_generic,
          uniq_joseph

Skill      XL: |  1  2  3  4  5  6  7  8  9 |
---------------+----------------------------+-----
Fighting       | 4 5 6 |  6.8
Axes           | 3 4 5 6 7 9 10 | 10.7
Shields        | 4 5 6 7 |  7.2
Armour         | 4 5 6 |  6.4
Dodging        | 1 2 |  2.7
Invocations    | |  0.1

Action                   |  1- 3 |  4- 6 |  7- 9 || total
-------------------------+-------+-------+-------++-------
Melee: War axe           |   115 |   129 |       ||   244
       Hand axe          |       |    13 |   472 ||   485
Invok: Heroism           |       |       |     2 ||     2
  Use: Scroll            |       |     4 |       ||     4
       Potion            |       |     1 |     3 ||     4
  Eat: Ration            |       |     2 |     1 ||     3
       Chunk             |       |       |     8 ||     8
Armor: Scale mail        |    14 |       |       ||    14
       Chain mail        |    58 |    76 |    77 ||   211
       Leather armour    |       |       |    87 ||    87
Dodge: Dodged            |    31 |    30 |    84 ||   145
Block: Shield            |    68 |    78 |   153 ||   299
       Large shield      |       |       |    10 ||    10
